 Dungeon Crawl Stone Soup version 0.31.0-32-g396128a36d (webtiles) character file.

Game seed: 10051936538040759381

11820 jaazzh the Destroyer (level 11, -5/54 HPs)
             Began as a Deep Elf Conjurer on Apr 1, 2024.
             Was a Believer of Vehumet.
             Slain by an ice devil (12 damage)
             ... on level 1 of the Lair of Beasts.
             The game lasted 01:56:16 (13014 turns).

jaazzh the Destroyer (Deep Elf Conjurer)           Turns: 13014, Time: 01:56:18

Health: -5/54      AC:  8    Str:  4    XL:     11   Next: 54%
Magic:  3/26       EV: 15    Int: 34    God:    Vehumet [**....]
Gold:   486        SH:  0    Dex: 13    Spells: 1/28 levels left

rFire   . . .        J - staff of air
rCold   . . .        (no shield)
rNeg    . . .        a - +0 robe
rPois   .            t - +0 helmet
rElec   +            L - +2 cloak
rCorr   .            q - +0 pair of gloves
SInv    .            u - +0 pair of boots
Will    +....        c - amulet of magic regeneration
Stlth   ++           p - +6 ring of intelligence
HPRegen 0.29/turn    s - ring of wizardry
MPRegen 0.60/turn

%: wizardry (x1)
@: no status effects
A: no striking features
a: Renounce Religion


You were on level 1 of the Lair of Beasts.
You worshipped Vehumet.
Vehumet was pleased with you.
You visited 3 branches of the dungeon, and saw 11 of its levels.
You also visited: Ossuary.

You collected 486 gold pieces.

Inventory:

Hand Weapons
 n - a +0 short sword of venom
Missiles
 K - 2 throwing nets
Armour
 a - a +0 robe (worn)
 q - a +0 pair of gloves (worn)
 t - a +0 helmet (worn)
 u - a +0 pair of boots (worn)
 D - +0 steam dragon scales
 L - a +2 cloak (worn)
Magical Staves
 J - a staff of air (weapon)
 N - a staff of cold
Jewellery
 c - an amulet of magic regeneration (around neck)
 p - a +6 ring of intelligence (left hand)
 r - a ring of willpower
 s - a ring of wizardry (right hand)
 z - a ring of poison resistance
 E - a ring of wizardry
Talismans
 P - a granite talisman
Wands
 m - a wand of quicksilver (9)
 y - a wand of polymorph (13)
 F - a wand of mindburst (12)
 G - a wand of paralysis (8)
Scrolls
 f - 2 scrolls of fear {unknown}
 g - 3 scrolls of revelation
 h - 2 scrolls of enchant weapon
 i - 6 scrolls of teleportation
 j - a scroll of enchant armour {unknown}
 k - 3 scrolls of amnesia {unknown}
 l - 3 scrolls of blinking {unknown}
 o - 2 scrolls of brand weapon {unknown}
 v - 3 scrolls of vulnerability {unknown}
 w - 3 scrolls of poison {unknown}
 B - a scroll of torment {unknown}
 C - 3 scrolls of fog {unknown}
 H - a scroll of immolation
 I - a scroll of butterflies {unknown}
 Q - 2 scrolls of identify
Potions
 b - a potion of magic
 d - 9 potions of curing
 e - a potion of resistance
 x - a potion of brilliance {unknown}
 A - 2 potions of heal wounds {unknown}
 M - a potion of lignification {unknown}
 O - a potion of attraction


   Skills:
 + Level 8.6 Dodging
 - Level 2.8 Stealth
 - Level 0.1 Unarmed Combat
 + Level 9.4 Spellcasting
 + Level 11.4 Conjurations
 - Level 4.3 Translocations
 + Level 8.4 Ice Magic
 - Level 7.5 Air Magic
 - Level 5.0 Alchemy


You had one spell level left.
You knew the following spells:

 Your Spells              Type           Power      Damage    Failure   Level
a - Magic Dart            Conj           100%       1d8       1%          1
b - Searing Ray           Conj           100%       2d8       1%          2
c - Mercury Vapours       Alch/Air       100%       N/A       1%          2
d - Mephitic Cloud        Conj/Alch/Air  81%        N/A       1%          3
e - Iskenderun's Mystic   Conj/Tloc      62%        2d13      1%          4
f - Freezing Cloud        Conj/Ice/Air   43%        6-21      1%          5
g - Teleport Other        Tloc           45%        N/A       1%          3
h - Swiftness             Air            79%        N/A       1%          3
i - Airstrike             Air            39%        2d(6-22)  1%          4

Your spell library contained the following spells:

 Spells                   Type           Power      Damage    Failure   Level
 Scorch                   Fire           32%        2d6       1%          2
 Shock                    Conj/Air       100%       1d9       1%          1
 Slow                     Hex            64%        N/A       1%          1
 Dazzling Flash           Conj/Hex       100%       N/A       1%          3
 Gell's Gravitas          Tloc           45%        N/A       1%          3
 Fulminant Prism          Conj/Alch      32%        3d16      1%          4
 Confusing Touch          Hex            16%        N/A       3%          3
 Sigil of Binding         Hex            16%        N/A       3%          3
 Vampiric Draining        Necr           16%        2d7       3%          3
 Conjure Ball Lightning   Conj/Air       44%        3x3d15    3%          6
 Silence                  Hex/Air        29%        N/A       7%          5
 Dispersal                Tloc           22%        N/A       28%         6
 Curse of Agony           Necr           16%        N/A       30%         5
 Malign Gateway           Summ/Tloc      15%        N/A       98%         7
 Discord                  Hex            8%         N/A       100%        8
 Disjunction              Tloc           22%        N/A       100%        8
 Summon Horrible Things   Summ           8%         N/A       100%        8


Dungeon Overview and Level Annotations

Branches:
Dungeon (9/15)             Temple (1/1) D:7            Lair (1/5) D:9
Ossuary (visited)
    Orc: D:9-12

Altars:
Ashenzari
Cheibriados
Dithmenos
Elyvilon
Fedhas
Gozag
Hepliaklqana
Kikubaaqudgha
Makhleb
Nemelex Xobeh
Okawaru
Qazlal
Ru
Sif Muna
Trog
Uskayaw
Vehumet
Wu Jian
Xom
Yredelemnul
Zin
The Shining One

Shops:
D:7 [

Annotations:
D:3 Natasha
D:5 Grinder
D:6 1 runed translucent door, Tuss's ghost, novice HuFi
D:7 3 runed translucent doors, Lurud's ghost, novice HOFi; Nogual's ghost, novice TeHu; diceflayer's ghost, novice DsFi


Message History

Casting: Iskenderun's Mystic Blast (safe; 1% risk of failure)
Confirm with . or Enter, or press ? or * to list all spells.
You erupt in a blast of force!
The mystic blast hits the ice devil but does no damage.
Casting: Iskenderun's Mystic Blast (safe; 1% risk of failure)
Confirm with . or Enter, or press ? or * to list all spells.
You erupt in a blast of force!
The mystic blast hits the ice devil.
The ice devil is lightly wounded.
The ice devil is knocked back by the mystic blast.
The ice devil slams into the rock wall!
The ice devil hits you. The ice devil freezes you!!
Casting: Iskenderun's Mystic Blast (safe; 1% risk of failure)
Confirm with . or Enter, or press ? or * to list all spells.
You erupt in a blast of force!
The mystic blast hits the ice devil!
The ice devil is heavily wounded.
The ice devil is knocked back by the mystic blast.
The ice devil slams into the rock wall!
The ice devil is severely wounded.
Casting: Iskenderun's Mystic Blast (safe; 1% risk of failure)
Confirm with . or Enter, or press ? or * to list all spells.
You erupt in a blast of force!
The mystic blast hits the ice devil but does no damage.
The ice devil is severely wounded.
The ice devil hits you. The ice devil freezes you!
* * * LOW HITPOINT WARNING * * *
Casting: Iskenderun's Mystic Blast (safe; 1% risk of failure)
Confirm with . or Enter, or press ? or * to list all spells.
Okay, then.
You feel better. The ice devil hits you. The ice devil freezes you!
* * * LOW HITPOINT WARNING * * *
Casting: Iskenderun's Mystic Blast (safe; 1% risk of failure)
Confirm with . or Enter, or press ? or * to list all spells.
You don't have enough magic to cast this spell.
Aiming: Quicksilver Bolt
Press: ? - help, Shift-Dir - straight line, f - ice devil
Aim: an ice devil (severely wounded, 71% to hit)
The bolt of dispelling energy hits the ice devil!
The ice devil is severely wounded.
The ice devil hits you!
You die...

♣.. ##......# ..
♣.#####......#
♣.##.##......##
#...##.#....#
#...####....## #
#...###......### ...
##....###.....+.##....
♣♣##....####....##.......
..###...#P##....@4.#
.................###
.................#
.........).......###
...###......####...#
....##.....## ##...#
....###....# ##....#
####.....### #..†.## #
#.....## #....#


You could see an ice devil.

Vanquished Creatures
  Urug (Lair:1)
  Pikel (D:7)
  A black mamba (Lair:1)
  A cane toad (Lair:1)
  Jeremiah (Lair:1)
  A rime drake (Lair:1)
  3 komodo dragons (Lair:1)
  An ice devil (Lair:1)
  2 hornets
  A troll (D:9)
  Sigmund (D:4)
  A shadow (D:6)
  3 wyverns
  15 yaks
  A steam dragon (D:6)
  Menkaure (D:4)
  5 water moccasins
  3 orc warriors
  An ice beast (D:6)
  3 sky beasts
  An ogre (D:6)
  2 wolves (D:9)
  2 centaurs
  2 lemures (D:7)
  4 kobold brigands
  Blork the orc (D:6)
  4 bullfrogs
  2 gnoll sergeants (D:9)
  7 scorpions
  A burial acolyte (Ossuary)
  4 wights (D:6)
  6 killer bees (D:9)
  3 howler monkeys
  3 jellies
  4 bombardier beetles
  8 orc priests
  2 gnoll boudas
  4 hounds
  2 sleepcaps
  2 iguanas
  Natasha (twice) (D:3)
  17 orc wizards
  3 mummies (Ossuary)
  Robin (D:4)
  15 gnolls
  2 adders
  3 white imps
  2 ufetubi (D:6)
  5 dart slugs
  3 ribbon worms
  24 orcs
  4 ball pythons
  9 endoplasms
  4 giant cockroaches
  2 gnoll zombies (Ossuary)
  9 hobgoblins
  2 jackals (D:1)
  5 quokkas
  2 bats (D:2)
  A frilled lizard (D:3)
  2 gnoll skeletons (Ossuary)
  24 goblins
  5 goblin skeletons (Ossuary)
  5 goblin zombies (Ossuary)
  5 hobgoblin skeletons (Ossuary)
  9 hobgoblin zombies (Ossuary)
  14 kobolds
  3 kobold skeletons (Ossuary)
  4 kobold zombies (Ossuary)
  7 orc skeletons (Ossuary)
  4 orc zombies (Ossuary)
  6 rats
  3 rat skeletons (Ossuary)
  A rat zombie (Ossuary)
318 creatures vanquished.

Notes
Turn   | Place    | Note
-------+----------+-------------------------------------------
     0 | D:1      | jaazzh the Deep Elf Conjurer began the quest for the Orb.
     0 | D:1      | Reached XP level 1. HP: 10/10 MP: 6/6
   218 | D:1      | Reached XP level 2. HP: 15/15 MP: 1/8
   354 | D:1      | Reached skill level 5 in Conjurations
   413 | D:1      | Learned a level 2 spell: Searing Ray
   416 | D:1      | Learned a level 2 spell: Mercury Vapours
  1099 | D:2      | Noticed a bombardier beetle
  1107 | D:2      | Killed a bombardier beetle
  1108 | D:2      | Reached XP level 3. HP: 12/19 MP: 0/10
  1233 | D:2      | Reached skill level 1 in Alchemy
  1324 | D:2      | Reached XP level 4. HP: 20/24 MP: 9/12
  1361 | D:2      | Learned a level 3 spell: Mephitic Cloud
  1878 | D:2      | Found a faded altar of an unknown god.
  2457 | D:3      | Noticed a scorpion
  2465 | D:3      | Killed a scorpion
  2466 | D:3      | Reached skill level 1 in Air Magic
  2466 | D:3      | Reached XP level 5. HP: 28/28 MP: 4/13
  2684 | D:3      | Noticed Natasha
  2694 | D:3      | Killed Natasha
  2921 | D:3      | Reached skill level 6 in Conjurations
  3014 | D:3      | Noticed Natasha
  3020 | D:3      | Killed Natasha
  3346 | D:4      | Reached skill level 5 in Spellcasting
  3351 | D:4      | Learned a level 4 spell: Iskenderun's Mystic Blast
  3376 | D:4      | Reached XP level 6. HP: 32/32 MP: 6/15
  3436 | D:3      | Noticed Natasha
  3509 | D:4      | Reached skill level 1 in Translocations
  3839 | D:4      | Noticed Menkaure
  3852 | D:4      | Killed Menkaure
  3853 | D:4      | Reached XP level 7. HP: 29/36 MP: 2/18
  4375 | D:4      | Noticed Sigmund
  4383 | D:4      | Killed Sigmund
  4384 | D:4      | Reached skill level 7 in Conjurations
  4598 | D:4      | Noticed Robin
  4606 | D:4      | Killed Robin
  4607 | D:4      | Reached XP level 8. HP: 41/41 MP: 9/20
  5057 | D:5      | Entered Level 5 of the Dungeon
  5204 | D:5      | Noticed Grinder
  5282 | D:5      | Found a sand-covered staircase.
  5286 | Ossuary  | Entered an ossuary
  6614 | D:5      | Reached skill level 5 in Alchemy
  6625 | D:5      | Learned a level 5 spell: Freezing Cloud
  6835 | D:5      | Found a broken altar of Ashenzari.
  7220 | D:6      | Noticed Blork the orc
  7229 | D:6      | Killed Blork the orc
  7230 | D:6      | Reached skill level 1 in Ice Magic
  7424 | D:6      | Reached skill level 8 in Conjurations
  7543 | D:6      | Reached XP level 9. HP: 45/45 MP: 18/23
  8005 | D:6      | Found a runed translucent door.
  8009 | D:6      | Noticed Tuss's ghost (novice HuFi)
  8198 | D:6      | Learned a level 3 spell: Teleport Other
  8571 | D:6      | Reached skill level 9 in Conjurations
  9055 | D:7      | Noticed Pikel
  9103 | D:7      | Killed Pikel
  9104 | D:7      | Reached skill level 5 in Ice Magic
  9104 | D:7      | Reached skill level 5 in Air Magic
  9245 | D:7      | Found a staircase to the Ecumenical Temple.
  9254 | Temple   | Entered the Ecumenical Temple
  9270 | Temple   | Became a worshipper of Vehumet
  9387 | D:7      | Reached XP level 10. HP: 50/50 MP: 21/25
  9614 | D:7      | Found a runed translucent gate.
  9614 | D:7      | Found a runed translucent gate.
  9614 | D:7      | Found a runed translucent gate.
  9615 | D:7      | Noticed Lurud's ghost (novice HOFi)
  9617 | D:7      | Noticed diceflayer's ghost (novice DsFi)
  9617 | D:7      | Noticed Nogual's ghost (novice TeHu)
  9654 | D:7      | Found Vyned's Armour Shoppe.
  9654 | D:7      | Noticed an animated plate armour
  9657 | D:7      | Noticed an animated gold dragon scales
  9868 | D:8      | Learned a level 3 spell: Swiftness
 10109 | D:8      | Reached skill level 5 in Dodging
 10142 | D:8      | Found a sparkling altar of Nemelex Xobeh.
 10218 | D:8      | Found a white marble altar of Elyvilon.
 11336 | D:9      | Reached * piety under Vehumet
 11336 | D:9      | Offered knowledge of Freeze by Vehumet.
 11338 | D:9      | Reached skill level 10 in Conjurations
 11448 | D:9      | Found a staircase to the Lair.
 11709 | D:9      | Offered knowledge of Scorch by Vehumet.
 11811 | D:9      | Reached ** piety under Vehumet
 11955 | D:9      | Found a basalt altar of Yredelemnul.
 11956 | D:9      | Found a hazy altar of Hepliaklqana.
 11957 | D:9      | Found a burning altar of Makhleb.
 11957 | D:9      | Found a shadowy altar of Dithmenos.
 12227 | Lair:1   | Entered Level 1 of the Lair of Beasts
 12232 | Lair:1   | Noticed a black mamba
 12236 | Lair:1   | Killed a black mamba
 12237 | Lair:1   | Reached XP level 11. HP: 54/54 MP: 7/26
 12273 | Lair:1   | Learned a level 4 spell: Airstrike
 12603 | Lair:1   | Reached skill level 11 in Conjurations
 12837 | Lair:1   | Noticed Jeremiah
 12842 | Lair:1   | Killed Jeremiah
 12880 | Lair:1   | Noticed Urug
 12897 | Lair:1   | Killed Urug
 13014 | Lair:1   | Slain by an ice devil

Illustrated notes

Levels and vault maps discovered:
D:1:      shiori_arrival_oz, layout_rooms
D:2:      layout_basic, ebering_ecumenical_altar_hall
D:3:      layout_loops_ring, uniq_natasha
D:4:      layout_rooms, serial_co_window_serial, co_window_paths_a,
          co_window_paths_b, co_window_paths_a, co_window_paths_a,
          co_window_paths_a, co_window_paths_b, co_window_paths_c,
          co_window_broadway_b, co_window_of_opportunity_c, co_window_paths_c,
          co_window_of_opportunity_b, co_window_paths_d, uniq_sigmund,
          uniq_robin, uniq_menkaure
D:5:      layout_gridville, evilmike_ruin_ashenzari, nicolae_ossuary_entry_plus,
          hangedman_decor_opposing, serial_library_hellmonk_small_alcove,
          uniq_grinder
D:6:      cheibrodos_barr_body, layout_basic, ebering_ghost_inner_flame,
          uniq_blork_the_orc
D:7:      hellmonk_destroyed_diamonds, layout_basic,
          minmay_temple_entry_poolview, gammafunk_ghost_cemetery, serial_shops,
          nicolae_shop_mannequins, uniq_pikel
D:8:      layout_loops_corners, jmf_multi_god_temple2
D:9:      layout_loops_ring, grunt_temple_overflow_open,
          erik_lair_orcish_takeover, minivault_19, nicolae_the_louvre
Temple:   nicolae_temple_bog_church
Lair:1:   layout_cellular_growth, portal_ice_cave_demonic_guard, minivault_26,
          hangedman_tree_tricks, nicolae_lair_lil_pond, beast_lair_carwin_7,
          uniq_jeremiah, uniq_sonja, uniq_urug

Skill      XL: |  1  2  3  4  5  6  7  8  9 10 11 |
---------------+----------------------------------+-----
Conjurations   | 5 6 7 8 9 10 11 | 11.4
Spellcasting   | 4 5 6 8 9 |  9.4
Alchemy        | 1 2 3 4 5 |  5.0
Air Magic      | 1 3 5 6 7 |  7.5
Translocations | 2 3 4 |  4.3
Ice Magic      | 2 5 7 8 |  8.4
Dodging        | 4 7 8 |  8.6
Stealth        | |  2.8
Unarmed Combat | |  0.1

Action                     |  1- 3 |  4- 6 |  7- 9 | 10-12 || total
---------------------------+-------+-------+-------+-------++-------
  Melee: Unarmed           |    14 |       |       |       ||    14
         Short sword       |       |       |     7 |       ||     7
         Staff             |       |       |       |     1 ||     1
         Punch             |       |       |       |     1 ||     1
   Cast: Magic Dart        |    55 |    75 |   266 |    66 ||   462
         Mercury Vapours   |       |     2 |     1 |       ||     3
         Searing Ray       |       |    14 |    48 |    48 ||   110
         Mephitic Cloud    |       |     3 |     6 |    18 ||    27
         Iskenderun's Myst |       |     2 |    25 |    44 ||    71
         Freezing Cloud    |       |       |     6 |    19 ||    25
         Airstrike         |       |       |       |     4 ||     4
         Swiftness         |       |       |       |     1 ||     1
  Evoke: Wand              |       |       |       |     1 ||     1
    Use: Scroll            |       |     4 |     4 |       ||     8
         Potion            |       |     1 |       |     1 ||     2
 Armour: Robe              |    13 |     5 |    29 |    16 ||    63
  Dodge: Dodged            |    19 |     4 |    24 |    14 ||    61
